 Dungeon Crawl Stone Soup version 0.32-a0-7-ge934b4519a (webtiles) character file.

Game seed: 497595505203500361

43 oldmanjim the Vexing (level 3, 0/28 HPs)
             Began as a Formicid Hexslinger on Jan 13, 2024.
             Slain by a gnoll
             ... wielding a +0 whip
              (7 damage)
             ... on level 2 of the Dungeon.
             The game lasted 00:05:19 (976 turns).

oldmanjim the Vexing (Formicid Hexslinger)           Turns: 976, Time: 00:05:19

Health: 0/28       AC:  2    Str: 12    XL:     3   Next: 82%
Magic:  13/13      EV: 12    Int: 12    God:
Gold:   98         SH:  0    Dex: 18    Spells: 4/4 levels left

rFire   . . .        a - +1 sling
rCold   . . .        (no shield)
rNeg    . . .        c - +0 robe
rPois   +            (helmet unavailable)
rElec   .            (no cloak)
rCorr   .            (no gloves)
SInv    +            (no boots)
Will    .....        (no amulet)
Stlth   ++           m - ring of magical power
HPRegen 0.24/turn    n - ring of poison resistance
MPRegen 0.13/turn

%: no passive effects
@: no status effects
A: permanent stasis, dig shafts and tunnels, antennae 3, four strong arms
a: Dig, Shaft Self


You were on level 2 of the Dungeon.
You visited 1 branch of the dungeon, and saw 2 of its levels.

You collected 98 gold pieces.

Inventory:

Hand Weapons
 a - a +1 sling (weapon)
Missiles
 f - 11 stones
 p - 2 datura-tipped darts
Armour
 c - a +0 robe (worn)
 d - a +0 ring mail
Jewellery
 m - a ring of magical power (left hand)
 n - a ring of poison resistance (right hand)
Scrolls
 b - a scroll of poison
 e - a scroll of enchant armour {unknown}
 h - a scroll of blinking {unknown}
 j - a scroll of revelation {unknown}
 k - a scroll of teleportation {unknown}
 l - a scroll of identify {unknown}
Potions
 g - a potion of curing {unknown}
 i - a potion of might {unknown}
 o - a potion of ambrosia {unknown}
 q - a potion of invisibility {unknown}


   Skills:
 + Level 2.3 Fighting
 + Level 2.7 Ranged Weapons
 - Level 1.7 Dodging
 - Level 1.1 Spellcasting
 + Level 4.2 Hexes
 - Level 1.0 Fire Magic


You had 4 spell levels left.
You didn't know any spells.
Your spell library contained the following spells:

 Spells                   Type           Power      Damage    Failure   Level
 Jinxbite                 Hex            20%        N/A       8%          2
 Sigil of Binding         Hex            10%        N/A       16%         3
 Inner Flame              Hex/Fire       7%         N/A       30%         3
 Cause Fear               Hex            5%         N/A       45%         4
 Dimensional Bullseye     Hex/Tloc       2%         N/A       77%         4


Dungeon Overview and Level Annotations

Branches:
Dungeon (2/15)

Altars:


Innate Abilities, Weirdness & Mutations

You cannot be hasted, slowed, berserked, paralysed or teleported.
You can dig through walls and to a lower floor.
You have a pair of large antennae on your head. (SInv)
Your four strong arms can wield two-handed weapons with a shield.


Message History

You sense a monster nearby.
You sense a monster nearby.
You sense a monster nearby.
There is a stone staircase leading down here.
A hobgoblin comes into view.
The hobgoblin shouts!
You hear a shout! x2
A gnoll comes into view. It is wielding a +0 whip.
You hear a shout!
You shoot a sling bullet. The sling bullet hits the hobgoblin.
The hobgoblin is severely wounded.
You shoot a sling bullet.
The sling bullet barely misses the hobgoblin.
The hobgoblin barely misses you.
You shoot a sling bullet.
The sling bullet hits the hobgoblin but does no damage.
The hobgoblin is severely wounded.
The hobgoblin hits you.
A gnoll comes into view. It is wielding a +0 spear.
The hobgoblin hits you.
You shoot a sling bullet. The sling bullet hits the hobgoblin.
You kill the hobgoblin!
The gnoll closely misses you.
You shoot a sling bullet. The sling bullet hits the gnoll.
The gnoll is moderately wounded.
The gnoll hits you from afar with a +0 spear.
The gnoll closely misses you.
A gnoll comes into view. It is wielding a +0 spear.
You shoot a sling bullet.
The sling bullet hits the gnoll but does no damage.
The gnoll is moderately wounded.
The gnoll hits you from afar with a +0 spear!
The gnoll closely misses you.
You are too injured to fight recklessly!
You are too injured to fight recklessly!
You are too injured to fight recklessly!
The gnoll hits you with a +0 whip!
* * * LOW HITPOINT WARNING * * *
There is a stone staircase leading down, spattered with blood here.
The gnoll attacks as it pursues you! The gnoll hits you with a +0 whip!
You die...

....#...#..#..#..#.............#
.####.#..#.)#..#..#............#
.####..................).......#
.#.###.....#.#.#.##............#
.#.# ##...#.#...##............#
...# #### ##.......... .#.#
#.#######.# ##.# #..###... ##.#
##@#... .†.# ##g#.#### ####
#..>.gg.# ######...# ...# { ...#
g..# ,...# .###


You could see a gnoll.

Vanquished Creatures
  An adder (D:2)
  A ribbon worm (D:2)
  4 endoplasms
  A giant cockroach (D:2)
  6 goblins
  4 hobgoblins
  2 kobolds (D:1)
  A quokka (D:1)
  2 ball pythons (D:1)
  2 frilled lizards (D:2)
  4 rats
28 creatures vanquished.

Notes
Turn   | Place    | Note
-------+----------+-------------------------------------------
     0 | D:1      | oldmanjim the Formicid Hexslinger began the quest for the
                  | Orb.
     0 | D:1      | Reached XP level 1. HP: 15/15 MP: 2/2
   161 | D:1      | Reached XP level 2. HP: 21/21 MP: 3/3
   583 | D:2      | Reached skill level 4 in Hexes
   632 | D:2      | Reached XP level 3. HP: 27/27 MP: 4/4
   976 | D:2      | Slain by a gnoll

Illustrated notes

Levels and vault maps discovered:
D:1:      dpeg_arrival_shelter, layout_rooms
D:2:      layout_basic, minmay_misc_feat_diagonals, chequers_big_river

Skill      XL: |  1  2 |
---------------+-------+-----
Hexes          | 4 |  4.2
Fighting       | 2 |  2.3
Ranged Weapons | |  2.7
Dodging        | |  1.7
Spellcasting   | |  1.1
Fire Magic     | |  1.0

Action                     || total
---------------------------++-------
   Fire: Sling             ||   103
 Armour: Robe              ||    31
  Dodge: Dodged            ||    27

Table legend: (Time is in decaauts)
 A = Elapsed time spent in this place.
 B = Non-inter-level travel time spent in this place.
 C = Inter-level travel time spent in this place.
 D = Time resting spent in this place.
 E = Time spent auto-exploring this place.
 F = Levels seen in this place.
 G = Mean time per level.
                   A        B        C        D        E       F      G
               +--------+--------+--------+--------+--------+-----+--------+
         Total |   1004 |    985 |     19 |      0 |    701 |   2 |  502.0 |
       Dungeon |   1004 |    985 |     19 |      0 |    701 |   2 |  502.0 |
               +--------+--------+--------+--------+--------+-----+--------+

Top non-repeatable levels by time:
     D:1: 541 daAuts
     D:2: 462 daAuts
